 Dungeon Crawl Stone Soup version 0.29-a0-490-g77b3608bb8 (webtiles) character file.

Game seed: 1143276011388846476

222 happo123 the Sneak (level 6, -3/34 HPs)
             Began as a Kobold Enchanter on May 27, 2022.
             Killed from afar by an orc wizard (5 damage)
             ... with a magic dart
             ... on level 4 of the Dungeon.
             The game lasted 00:11:41 (3166 turns).

happo123 the Sneak (Kobold Enchanter)               Turns: 3166, Time: 00:11:41

Health: -3/34      AC:  3    Str:  6    XL:     6   Next: 19%
Magic:  2/10       EV: 15    Int: 18    God:
Gold:   173        SH:  0    Dex: 15    Spells: 3/11 levels left

rFire   + . .      SeeInvis .   g - +2 dagger (speed)
rCold   . . .      Faith    .   (no shield)
rNeg    . . .      Spirit   .   i - +1 robe {rF+}
rPois   .          Reflect  .   (no helmet)
rElec   .          Harm     .   (no cloak)
rCorr   .          Rampage  .   (no gloves)
Will    .....                   (no boots)
Stlth   ++........              q - amulet of the acrobat
HPRegen 0.11/turn               (no ring)
MPRegen 0.12/turn               (no ring)

@: confused, studying Crossbows
A: small, no large weapons, nightstalker 3
a: no special abilities


You were on level 4 of the Dungeon.
You visited 1 branch of the dungeon, and saw 4 of its levels.

You collected 173 gold pieces.

Inventory:

Hand Weapons
 a - a +1 dagger
 g - a +2 dagger of speed (weapon)
Armour
 b - a +0 robe
 i - a +1 robe of fire resistance (worn)
Magical Staves
 d - a staff of fire
 r - a staff of earth
Jewellery
 q - an amulet of the acrobat (around neck)
Wands
 w - a wand of charming (10)
Scrolls
 e - a scroll of fog {unknown}
 f - 2 scrolls of enchant armour {unknown}
 h - a scroll of teleportation {unknown}
 j - a scroll of fear {unknown}
 m - 2 scrolls of blinking {unknown}
 n - a scroll of immolation {unknown}
 o - a scroll of brand weapon {unknown}
 s - 2 scrolls of identify {unknown}
 v - a scroll of magic mapping {unknown}
Potions
 c - 2 potions of invisibility
 k - a potion of curing {unknown}
 l - a potion of flight {unknown}
 p - a potion of resistance {unknown}
 t - a potion of heal wounds {unknown}
 u - a potion of haste {unknown}
 x - a potion of magic {unknown}


   Skills:
 + Level 1.1 Fighting
 + Level 3.1 Short Blades
 + Level 2.3 Crossbows
 + Level 3.6 Dodging
 + Level 5.1 Stealth
 + Level 3.1 Spellcasting
 * Level 4.1 Hexes


You had 3 spell levels left.
You knew the following spells:

 Your Spells              Type           Power      Damage    Failure   Level
a - Ensorcelled Hibernat  Hex/Ice        20%        N/A       11%         2
b - Tukima's Dance        Hex            17%        N/A       9%          3
c - Confusing Touch       Hex            17%        N/A       9%          3

Your spell library contained the following spells:

 Spells                   Type           Power      Damage    Failure   Level
 Dazzling Flash           Conj/Hex       20%        N/A       22%         3
 Blink                    Tloc           4%         N/A       24%         2
 Lesser Beckoning         Tloc           2%         N/A       43%         3
 Manifold Assault         Tloc           2%         N/A       99%         5


Dungeon Overview and Level Annotations

Branches:
Dungeon (4/15)
 Temple: D:4-7

Altars:
Yredelemnul


Innate Abilities, Weirdness & Mutations

You are small and have problems with some larger weapons.
You are completely attuned to the shadows.


Message History

The iguana is lightly wounded.
You hit the iguana but do no damage.
The iguana is lightly wounded.
Something hits you but does no damage. The iguana barely misses you.
You hit the iguana but do no damage.
The iguana is lightly wounded.
You hit the iguana.
The iguana is moderately wounded.
Something hits you. The iguana bites you!
* * * LOW HITPOINT WARNING * * *
You hit the iguana.
The iguana is moderately wounded.
You closely miss the iguana.
The iguana is moderately wounded.
Something hits you.
* * * LOW HITPOINT WARNING * * *
The iguana closely misses you.
You closely miss the iguana.
The iguana is moderately wounded.
Something hits you but does no damage. The iguana misses you.
Your magical contamination has completely faded away.
Something hits you.
* * * LOW HITPOINT WARNING * * *
The iguana attacks as you move away! The iguana completely misses you.
Something completely misses you. The iguana attacks as you move away!
The iguana closely misses you. The iguana attacks as you move away!
The iguana closely misses you.
You hear some strange, mumbled words.
You are confused.
The iguana misses you.
There are monsters nearby!
There are monsters nearby!
The iguana attacks as you move away! The iguana closely misses you.
There are monsters nearby!
You barely miss the iguana.
The iguana is moderately wounded.
You hear some strange, mumbled words.
A magic dart appears from out of thin air!
The magic dart hits you.
You die...

##.#.#.###...............#######
#>......)'...............'......
##..#...###...............##.....
......### #.....[.......).##)....
##..#+#####..........))#####.....
.........##............# #.###.
.........##............# #...#.
..#......##....o{l.....# ###.##
..#......##.....@......#######.#
.........#############.........#
.##......# #.........# .##......#
#.........## .##......#
#.........## .##......#
#.........## .#########
#....<....## .##########
#.........## ....[.....#
##...........


You could see an iguana and an orc.

Vanquished Creatures
  An iguana (D:4)
  An orc wizard (D:4)
  A hound zombie (D:3)
  4 gnolls (D:3)
  2 adders
  2 adder zombies (D:3)
  3 worms (D:2)
  A dart slug (D:4)
  5 orcs
  6 bats
  7 endoplasms
  4 giant cockroaches
  7 goblins
  9 hobgoblins
  3 jackals
  4 quokkas
  6 ball pythons
  4 frilled lizards
  A giant cockroach zombie (D:3)
  5 kobolds
  4 rats
80 creatures vanquished.

Notes
Turn   | Place    | Note
-------+----------+-------------------------------------------
     0 | D:1      | happo123 the Kobold Enchanter began the quest for the Orb.
     0 | D:1      | Reached XP level 1. HP: 10/10 MP: 3/3
   263 | D:1      | Reached XP level 2. HP: 15/15 MP: 5/5
   276 | D:1      | Learned a level 2 spell: Ensorcelled Hibernation
   524 | D:1      | Reached XP level 3. HP: 16/19 MP: 3/6
   569 | D:1      | You fall into a shaft and drop 1 floor!
  1096 | D:2      | Reached XP level 4. HP: 24/24 MP: 6/8
  1100 | D:2      | Learned a level 3 spell: Tukima's Dance
  1817 | D:2      | Learned a level 3 spell: Confusing Touch
  2072 | D:3      | Reached skill level 1 in Crossbows
  2072 | D:3      | Reached XP level 5. HP: 28/28 MP: 0/9
  2574 | D:3      | Found a basalt altar of Yredelemnul.
  2587 | D:3      | Reached skill level 5 in Stealth
  2762 | D:4      | Reached XP level 6. HP: 30/33 MP: 5/10
  2819 | D:4      | Reached skill level 1 in Fighting
  3159 | D:4      | HP: 1/34 [something (4)]
  3166 | D:4      | Killed from afar by an orc wizard

Illustrated notes

Levels and vault maps discovered:
D:1:      lightli_iron_boxes, layout_basic,
          shapermc_ecumenical_altar_mp_urbaneastern, minmay_pentomino_t2
D:2:      layout_basic, serial_rivers, chequers_serial_rivers_micro_d,
          chequers_serial_rivers_marsh, chequers_serial_rivers_room_b,
          chequers_serial_rivers_room_a, chequers_serial_rivers_room_b,
          chequers_serial_rivers_room_a, minmay_misc_feat_columns,
          chequers_serial_rivers_marsh, glass_columns_b, minmay_pentomino_pile
D:3:      layout_rooms, nicolae_yredelemnul_corpse_copse
D:4:      layout_basic, lemuel_tele_altar, uniq_robin

Skill      XL: |  1  2  3  4  5  6 |
---------------+-------------------+-----
Short Blades   | 2 3 |  3.1
Dodging        | 3 |  3.6
Crossbows      | 1 2 |  2.3
Spellcasting   | 3 |  3.1
Stealth        | 5 |  5.1
Fighting       | 1 |  1.1
Hexes          | 4 |  4.1

Action                   |  1- 3 |  4- 6 || total
-------------------------+-------+-------++-------
Melee: Dagger            |    74 |   124 ||   198
       Punch             |       |     1 ||     1
 Cast: Ensorcelled Hiber |    10 |    26 ||    36
 Stab: Sleeping          |    24 |    30 ||    54
Armor: Robe              |     8 |    16 ||    24
Dodge: Dodged            |    44 |    78 ||   122

Table legend: (Time is in decaauts)
 A = Elapsed time spent in this place.
 B = Non-inter-level travel time spent in this place.
 C = Inter-level travel time spent in this place.
 D = Time resting spent in this place.
 E = Time spent auto-exploring this place.
 F = Levels seen in this place.
 G = Mean time per level.
                   A        B        C        D        E       F      G
               +--------+--------+--------+--------+--------+-----+--------+
         Total |   3113 |   2965 |    148 |    479 |   1873 |   4 |  778.2 |
       Dungeon |   3113 |   2965 |    148 |    479 |   1873 |   4 |  778.2 |
               +--------+--------+--------+--------+--------+-----+--------+

Top non-repeatable levels by time:
     D:2: 1235 daAuts
     D:3: 889 daAuts
     D:1: 566 daAuts
     D:4: 421 daAuts
